 Dungeon Crawl Stone Soup version 0.26-a0-30-g56b8cd3df0 (webtiles) character file.

Game seed: 468261373233350704, levelgen mode: deterministic

716 vurker the Thaumaturge (level 7, -2/40 HPs)
             Began as a Deep Elf Wizard on May 29, 2020.
             Was an Initiate of Vehumet.
             Killed by divine providence
             ... invoked by an orc priest
              (16 damage)
             ... on level 5 of the Dungeon.
             The game lasted 00:08:16 (5528 turns).

vurker the Thaumaturge (Deep Elf Wizard)            Turns: 5528, Time: 00:08:16

Health: -2/40      AC:  4    Str:  4    XL:     7   Next: 41%
Magic:  4/20       EV: 28    Int: 25    God:    Vehumet [......]
Gold:   236        SH:  0    Dex: 13    Spells: 17/22 levels left

rFire    . . .     SeeInvis .   s - +1 dagger (venom)
rCold    . . .     Gourm    .   (no shield)
rNeg     . . .     Faith    .   a - +0 robe
rPois    +         Spirit   .   b - +0 hat
rElec    .         Reflect  .   (no cloak)
rCorr    .         Harm     .   h - +1 pair of gloves
MR       .....                  (no boots)
Stlth    ++........             m - amulet of the acrobat
HPRegen  0.13/turn              p - ring of poison resistance
MPRegen  0.17/turn              (no ring)

@: acrobat
A: no striking features
a: Renounce Religion


You were on level 5 of the Dungeon.
You worshipped Vehumet.
Vehumet was noncommittal.
You were very hungry.

You visited 2 branches of the dungeon, and saw 6 of its levels.

You collected 236 gold pieces.

Inventory:

Hand Weapons
 s - a +1 dagger of venom (weapon)
   (You found it on level 2 of the Dungeon)
Armour
 a - a +0 robe (worn)
 b - a +0 hat (worn)
 h - a +1 pair of gloves (worn)
   (You found it on level 2 of the Dungeon)
Jewellery
 m - an amulet of the acrobat (around neck)
   (You found it on level 2 of the Dungeon)
 p - a ring of poison resistance (left hand)
   (You found it on level 2 of the Dungeon)
 t - an uncursed ring of fire
   (You found it on level 3 of the Dungeon)
Wands
 u - a wand of paralysis (2)
   (You took it off Ijyb on level 3 of the Dungeon)
Scrolls
 f - 3 scrolls of remove curse
 g - a scroll of enchant weapon {unknown}
 j - 2 scrolls of fear {unknown}
 l - 2 scrolls of teleportation {unknown}
 n - a scroll of immolation {unknown}
 v - 2 scrolls of enchant armour {unknown}
 y - a scroll of holy word {unknown}
 C - a scroll of amnesia {unknown}
Potions
 c - a potion of brilliance {unknown}
 d - a potion of heal wounds
 i - a potion of berserk rage {unknown}
 k - a potion of magic
 q - a potion of ambrosia {unknown}
 r - a potion of haste
 x - a potion of stabbing {unknown}
 z - a potion of invisibility
 A - a potion of curing
Comestibles
 e - 9 rations


   Skills:
 + Level 2.7 Fighting
 - Level 2.4 Dodging
 - Level 2.4 Stealth
 * Level 8.1 Spellcasting
 * Level 5.7 Conjurations
 - Level 1.1 Summonings
 - Level 1.1 Translocations


You had 17 spell levels left.
You knew the following spells:

 Your Spells              Type           Power        Failure   Level  Hunger
a - Magic Dart            Conj           ####         1%          1    None
b - Call Imp              Summ           ###.....     6%          2    None
w - Blink                 Tloc           N/A          6%          2    None

Your spell library contained the following spells:

 Spells                   Type           Power        Failure   Level  Hunger
 Conjure Flame            Conj/Fire      ###.....     5%          3    None
 Slow                     Hex            ##......     9%          2    None
 Mephitic Cloud           Conj/Pois/Air  ###.....     9%          3    None


Dungeon Overview and Level Annotations

Branches:
Dungeon (5/15)             Temple (1/1) D:4

Altars:
Ashenzari
Dithmenos
Hepliaklqana
Makhleb
Qazlal
Ru
Trog
Uskayaw
Vehumet
Wu Jian
Xom
Yredelemnul
The Shining One

Shops:
D:5 %


Message History

The magic dart hits the orc.
Aim: an orc, wielding a +0 flail and wearing a +0 chain mail (moderately wounded)
The magic dart hits the orc but does no damage.
The orc hits you with a +0 flail.
Aim: an orc, wielding a +0 flail and wearing a +0 chain mail (moderately wounded)
The magic dart hits the orc but does no damage.
The orc closely misses you.
Aim: an orc, wielding a +0 flail and wearing a +0 chain mail (moderately wounded)
The magic dart hits the orc but does no damage.
Aim: an orc, wielding a +0 flail and wearing a +0 chain mail (moderately wounded)
The magic dart hits the orc but does no damage.
The orc closely misses you.
Aim: an orc, wielding a +0 flail and wearing a +0 chain mail (moderately wounded)
The magic dart hits the orc but does no damage.
The orc misses you.
A beastly little devil appears in a puff of flame.
An orc priest comes into view.
The orc closely misses you.
Your crimson imp hits the orc but does no damage.
Aim: an orc, wielding a +0 flail and wearing a +0 chain mail (moderately wounded)
The magic dart hits the orc.
The orc priest casts a cantrip, but nothing happens.
The orc hits you with a +0 flail.
Your crimson imp barely misses the orc.
You swap places.
The orc priest mumbles some strange prayers to Beogh against you.
Beogh smites you!
* * * LOW HITPOINT WARNING * * *
The orc closely misses your crimson imp.
Your crimson imp hits the orc but does no damage.
Your crimson imp hits the orc but does no damage.
Something hits your crimson imp but does no damage.
Your crimson imp blinks!
A beastly little devil appears in a puff of flame.
You swap places.
The orc closely misses your crimson imp.
Your crimson imp hits the orc but does no damage.
The orc barely misses your crimson imp.
Your crimson imp blinks!
Your crimson imp hits the orc priest.
Your crimson imp barely misses the orc priest.
A beastly little devil appears in a puff of frigid air.
Your white imp closely misses the orc.
The orc hits your white imp with a +0 flail.
Your white imp gestures at the orc.
The puff of frost hits the orc!
The orc dies!
Vehumet accepts your kill.
The orc priest mumbles some strange prayers to Beogh against you.
Beogh smites you!
You die...

#.# #.# #.#
#.# #)# #<#
#.#
#.#########
#.@...5)o.#
#########.###
#...# ###.#
#.# #.# #.#
#o# #o#


You could see an orc priest and a friendly white imp (summoned).

Vanquished Creatures
  Grinder (D:3)
  A water moccasin (D:5)
  A crimson imp (D:4)
  An iguana (D:5)
  Ijyb (D:3)
  2 worker ants
  4 adders
  A howler monkey skeleton (D:4)
  An ooze (D:3)
  An adder zombie (D:5)
  7 dart slugs
  2 leopard geckos
  11 orcs
  9 bats
  2 giant cockroaches (D:1)
  7 goblins
  5 hobgoblins
  4 jackals (D:2)
  13 kobolds
  A quokka (D:4)
  5 frilled lizards
  A rat (D:1)
81 creatures vanquished.

Vanquished Creatures (collateral kills)
  An ogre (D:4)
  A big kobold (D:5)
  A howler monkey (D:5)
  2 hounds
  An orc (D:5)
  A kobold (D:5)
7 creatures vanquished.

Grand Total: 88 creatures vanquished

Notes
Turn   | Place    | Note
-------+----------+-------------------------------------------
     0 | D:1      | vurker the Deep Elf Wizard began the quest for the Orb.
     0 | D:1      | Reached XP level 1. HP: 10/10 MP: 7/7
   275 | D:1      | Reached XP level 2. HP: 8/16 MP: 5/9
   632 | D:1      | Reached skill level 5 in Spellcasting
   709 | D:1      | Learned a level 2 spell: Call Imp
   712 | D:1      | Learned a level 2 spell: Blink
   842 | D:1      | Reached XP level 3. HP: 20/20 MP: 8/11
  1487 | D:2      | Reached skill level 1 in Fighting
  2305 | D:3      | Reached XP level 4. HP: 25/25 MP: 8/13
  2419 | D:3      | Noticed Grinder
  2463 | D:3      | Paralysed by Grinder for 6 turns
  2475 | D:3      | Killed Grinder
  2475 | D:3      | Reached skill level 6 in Spellcasting
  2475 | D:3      | Reached XP level 5. HP: 15/30 MP: 1/16
  2653 | D:3      | You fall into a shaft and drop 2 floors!
  2653 | D:5      | Entered Level 5 of the Dungeon
  2668 | D:5      | Reached XP level 6. HP: 35/35 MP: 10/17
  2879 | D:5      | Noticed a water moccasin
  2891 | D:5      | Killed a water moccasin
  2891 | D:5      | Reached skill level 7 in Spellcasting
  3145 | D:5      | Found Laazere's Food Emporium.
  3332 | D:5      | Reached skill level 5 in Conjurations
  3522 | D:3      | Reached XP level 7. HP: 40/40 MP: 13/20
  3823 | D:3      | Noticed Ijyb
  3840 | D:3      | Paralysed by Ijyb for 3 turns
  3848 | D:3      | Paralysed by Ijyb for 4 turns
  3855 | D:3      | Killed Ijyb
  4420 | D:4      | Reached skill level 8 in Spellcasting
  4864 | D:4      | Found a sacrificial altar of Ru.
  4937 | D:4      | Found a staircase to the Ecumenical Temple.
  4950 | Temple   | Entered the Ecumenical Temple
  5078 | Temple   | Became a worshipper of Vehumet
  5528 | D:5      | Killed from afar by an orc priest

Illustrated notes

Levels and vault maps discovered:
D:1:      heliophobic_arrival_glass_houses, layout_rooms
D:2:      layout_loops_ring, first_ration
D:3:      minmay_recursive_quarters, layout_basic, uniq_ijyb, uniq_grinder
D:4:      layout_basic, temple_statues, grunt_ministairs_7,
          nicolae_ru_the_path_less_chosen
D:5:      minmay_evil_eye, layout_loops_ring, serial_shops,
          nicolae_shop_waterfront, uniq_eustachio
Temple:   roderic_octagonal_lattice_temple

Skill      XL: |  1  2  3  4  5  6  7 |
---------------+----------------------+-----
Conjurations   | 2 4 5 |  5.7
Spellcasting   | 5 6 7 8 |  8.1
Fighting       | 1 2 |  2.7
Dodging        | |  2.4
Stealth        | |  2.4
Summonings     | |  1.1
Translocations | |  1.1

Action                   |  1- 3 |  4- 6 |  7- 9 || total
-------------------------+-------+-------+-------++-------
Melee: Dagger            |     4 |    16 |     4 ||    24
 Cast: Magic Dart        |    96 |    62 |    83 ||   241
       Call Imp          |       |    17 |    13 ||    30
  Use: Scroll            |       |       |     6 ||     6
  Eat: Chunk             |     2 |     2 |     5 ||     9
       Ration            |       |     1 |       ||     1
Armor: Robe              |     7 |     8 |     7 ||    22
Dodge: Dodged            |    15 |    32 |    16 ||    63

Table legend:
 A = Non-vault XP
 B = Vault XP
 C = Vault XP percentage of total XP
 D = Non-vault monster count
 E = Vault monster count
 F = Vault count percentage of total count
                 A         B        C        D         E       F
            +---------+---------+-------+---------+---------+-------
      Total |     714 |     310 |  30.3 |      80 |       8 |   9.1
            +---------+---------+-------+---------+---------+-------
        D:1 |      55 |       0 |   0.0 |      25 |       0 |   0.0
        D:2 |      41 |       0 |   0.0 |      15 |       0 |   0.0
        D:3 |      19 |     308 |  94.2 |      11 |       7 |  38.9
        D:4 |     221 |       2 |   0.9 |       9 |       1 |  10.0
        D:5 |     378 |       0 |   0.0 |      20 |       0 |   0.0
            +---------+---------+-------+---------+---------+-------
